 Dungeon Crawl Stone Soup version 0.30-a0-177-g1cb5dbfd7a (webtiles) character file.

Game seed: 15149247479528972663

131240 porpoise the Brawler (level 16, -2/148 HPs)
             Began as a Troll Warper on Oct 2, 2022.
             Was the Champion of Hepliaklqana.
             Slain by a snapping turtle (21 damage)
             ... on level 1 of the Shoals on Oct 3, 2022.
             The game lasted 02:17:50 (25716 turns).

porpoise the Brawler (Troll Warper)                Turns: 25716, Time: 02:17:50

Health: -2/148     AC: 15    Str: 23    XL:     16   Next: 54%
Magic:  22/22      EV: 12    Int:  9    God:    Hepliaklqana [******]
Gold:   1651       SH:  5    Dex: 15    Spells: 11/17 levels left

rFire   x . .      SeeInvis .      - Unarmed
rCold   + + .      Faith    .    (no shield)
rNeg    . . .      Spirit   .    f - +1 ice dragon scales
rPois   .          Reflect  +    y - +1 hat
rElec   .          Harm     .    O - scarf {repulsion}
rCorr   .          Rampage  .    (gloves unavailable)
Will    +....                    (boots unavailable)
Stlth   ..........               s - amulet of reflection
HPRegen 1.24/turn                V - ring of willpower
MPRegen 0.18/turn                H - ring of flight

@: weak-willed, flying, studying 2 skills, repel missiles
A: reduced essence, large, unfitting armour, claws 3, regeneration 1, shaggy fur
1, tough skin 1
a: Renounce Religion, Recall Ancestor, Ancestor Identity, Transference, Idealise


You were on level 1 of the Shoals.
You worshipped Hepliaklqana.
Hepliaklqana was exalted by your worship.
You visited 5 branches of the dungeon, and saw 24 of its levels.
You also visited: Bailey.

You collected 2732 gold pieces.
You spent 1081 gold pieces at shops.

Inventory:

Hand Weapons
 b - the +8 lajatang "Beastbane" {vamp, +Blink rElec}
   (You bought it in a shop on level 6 of the Dungeon)

   It occasionally heals its wielder for a portion of the damage dealt when it
   wounds a living foe.
   rElec:     It insulates you from electricity.
   +Blink:    It lets you blink.
Missiles
 c - 7 boomerangs of dispersal
 N - 77 large rocks (quivered)
 R - a curare-tipped dart
Armour
 f - +1 ice dragon scales (worn)
 y - a +1 hat (worn)
 O - a scarf of repulsion (worn)
Jewellery
 g - a ring of fire
 j - the ring of Gujul Qukh {MP+9 Int+2 SInv}
   (You bought it in a shop on level 6 of the Dungeon)

   [ring of magical power]

   Int:       It affects your intelligence (+2).
   MP:        It affects your magic capacity (+9).
   SInv:      It lets you see invisible.
 s - an amulet of reflection (around neck)
 H - a ring of flight (right claw)
 V - a ring of willpower (left claw)
 W - a ring of positive energy
Wands
 l - a wand of paralysis (5)
 u - a wand of mindburst (16)
 E - a wand of iceblast (15)
 S - a wand of flame (31)
 Z - a wand of light (4)
Scrolls
 m - a scroll of summoning
 o - 5 scrolls of butterflies
 r - 13 scrolls of identify
 t - 6 scrolls of poison
 x - a scroll of vulnerability
 F - 3 scrolls of blinking
 G - 2 scrolls of silence
 K - 4 scrolls of teleportation
 L - 3 scrolls of fear
 Q - 9 scrolls of magic mapping
Potions
 a - 3 potions of lignification
 e - a potion of invisibility
 i - a potion of resistance
 p - 7 potions of might
 v - 3 potions of cancellation
 I - 4 potions of attraction
 M - 6 potions of curing
 X - 3 potions of haste
Miscellaneous
 A - a box of beasts
 U - a phial of floods


   Skills:
 + Level 12.0 Fighting
 - Level 9.0 Throwing
 - Level 7.0 Armour
 + Level 11.3 Dodging
 - Level 16.0 Unarmed Combat
 - Level 1.2 Spellcasting
 - Level 2.1 Translocations
 + Level 10.4 Invocations
 - Level 5.0 Evocations


You had 11 spell levels left.
You knew the following spells:

 Your Spells              Type           Power      Damage    Failure   Level
a - Manifold Assault      Tloc           4%         N/A       98%         4
k - Blink                 Tloc           8%         N/A       52%         2

Your spell library contained the following spells:

 Spells                   Type           Power      Damage    Failure   Level
 Freeze                   Ice            0%         1d3       69%         1
 Magic Dart               Conj           0%         1d3       69%         1
 Necrotise                Necr           0%         1d4       69%         1
 Gell's Gravitas          Tloc           4%         N/A       75%         3
 Lesser Beckoning         Tloc           4%         N/A       75%         3
 Teleport Other           Tloc           4%         N/A       75%         3
 Searing Ray              Conj           0%         2d4       83%         2
 Dazzling Flash           Conj/Hex       0%         N/A       96%         3
 Frozen Ramparts          Ice            0%         1d1       96%         3
 Hailstorm                Conj/Ice       0%         3d3       96%         3
 Ignite Poison            Fire/Tmut/Pois 0%         N/A       96%         3
 Ozocubu's Armour         Ice            0%         N/A       96%         3
 Tukima's Dance           Hex            0%         N/A       96%         3
 Vampiric Draining        Necr           0%         2d6       96%         3
 Passage of Golubria      Tloc           4%         N/A       98%         4
 Iskenderun's Mystic Bla  Conj/Tloc      2%         2d3       99%         4
 Fulminant Prism          Conj/Hex       0%         3d6       100%        4
 Petrify                  Tmut/Erth      0%         N/A       100%        4
 Sticky Flame             Conj/Fire      0%         2d3       100%        4
 Agony                    Necr           0%         N/A       100%        5
 Metabolic Englaciation   Hex/Ice        0%         N/A       100%        5
 Yara's Violent Unravell  Hex/Tmut       0%         3d3       100%        5
 Simulacrum               Ice/Necr       0%         N/A       100%        6
 Starburst                Conj/Fire      0%         6d3       100%        6
 Statue Form              Tmut/Erth      0%         N/A       100%        6
 Storm Form               Tmut/Air       0%         N/A       100%        7
 Ignition                 Fire           0%         3d3       100%        8
 Chain Lightning          Conj/Air       0%         N/A       100%        9
 Fire Storm               Conj/Fire      0%         5d1       100%        9
 Shatter                  Erth           0%         3d5*      100%        9


Dungeon Overview and Level Annotations

Branches:
Dungeon (15/15)            Temple (1/1) D:7            Lair (5/5) D:10
 Shoals (1/4) Lair:3       Spider (0/4) Lair:2        Slime (0/5) Lair:5
    Orc (2/2) D:10            Elf (0/3) Orc:2        Vaults (0/5) D:14
 Depths (0/4) D:15         Bailey (visited)

Altars:
Ashenzari
Cheibriados
Dithmenos
Elyvilon
Fedhas
Gozag
Hepliaklqana
Kikubaaqudgha
Makhleb
Nemelex Xobeh
Okawaru
Qazlal
Ru
Sif Muna
Trog
Uskayaw
Vehumet
Wu Jian
Xom
Yredelemnul
Zin
The Shining One
Jiyva

Shops:
D:2 (   D:6 ([=[:   D:12 :   Orc:2 ([:(*

Portals:
Trove: D:12 (give horn of Geryon)


Innate Abilities, Weirdness & Mutations

Your life essence is reduced to manifest your ancestor. (-10% HP)
You are too large for most types of armour.
You have claws for hands.
Your natural rate of healing is unusually fast.
You are covered in fur. (AC +1)
You have tough skin. (AC +1)


Message History

Aiming: Bolt of Light
Press: ? - help, Shift-Dir - straight line, f - snapping turtle
Aim: a snapping turtle (lightly wounded, 91% to hit)
The bolt of light hits the snapping turtle!
The snapping turtle is moderately wounded.
The snapping turtle is blinded.
Nikki hits the faun with a +0 dagger of draining!
The faun hits you with a +0 spear!
* * * LOW HITPOINT WARNING * * *
The snapping turtle bites you!
* * * LOW HITPOINT WARNING * * *
Nikki hits the faun with a +0 dagger of draining!
The faun dies!
You feel much better. The faun hits you with a +0 spear.
* * * LOW HITPOINT WARNING * * *
The snapping turtle barely misses you.
You mangle the faun!!
You kill the faun!
You hear a splash. x2
Nikki gestures at the snapping turtle while chanting.
The snapping turtle resists with some effort.
You catch the helpless snapping turtle completely off-guard!
You claw the snapping turtle!
The snapping turtle is heavily wounded.
Nikki gestures at the snapping turtle while chanting.
The snapping turtle resists with some effort.
You barely miss the snapping turtle.
The snapping turtle is heavily wounded.
The snapping turtle bites you!
* * * LOW HITPOINT WARNING * * *
You mangle the snapping turtle!!
You claw the snapping turtle, but do no damage.
The snapping turtle is almost dead.
You block the snapping turtle's attack.
You strike the helpless snapping turtle from behind!
You scratch the snapping turtle but do no damage.
The snapping turtle is almost dead.
Nikki hits the snapping turtle with a +0 dagger of draining.
The snapping turtle bites you!!
You die...

≈≈≈≈~~~~~~~~~~~~~~..
≈≈≈≈~~~~~~~~~~~~~~..##~~
≈≈≈~~~~~~~~~~~~~...##.P~
≈≈~~~~~~~~~~~~~~......~~
≈≈~~~~~~~~...~~~....~~~~
≈≈~~~~~~~....~~~...~~~~
≈≈~~~~~~..##.~~~....~~
≈≈~~~~~~.###...~t.##
≈≈~~~~~~~...~~.R@.#
≈≈≈~~~~~~~~~~P~))...~~~~
≈≈≈~~~~~~~~~~~...$#...~~
≈≈≈~~~~~~~~~~....## ..~~
≈≈≈≈≈≈~~~~....P..#


PP. ≈≈≈≈≈~†~).....#### .>.. ≈≈≈≈~~~~......### ..P ~ ≈≈≈≈~~~~~.......###..P
≈≈~~~~~......P.......~ You could see the friendly Nikki the hexer and a snapping
turtle (blind, ally target).

Vanquished Creatures
  Jorgrun (D:13)
  Rupert (D:14)
  3 orc warlords (Orc:2)
  3 stone giants
  3 ettins (Orc:2)
  A yaktaur captain (D:10)
  Erolcha (D:9)
  Fannar (D:11)
  5 hydras
  An ogre mage (D:10)
  A death knight (D:10)
  6 centaur warriors
  A catoblepas (D:12)
  3 boulder beetles
  A deep troll shaman (Lair:5)
  3 tengu warriors
  A two-headed ogre (shapeshifter) (D:14)
  4 two-headed ogres
  23 death yaks
  An orc high priest (Orc:2)
  Amaemon (Lair:3)
  The ghost of osoart the Sneak, a novice OpTm of Hepliaklqana (D:9)
  8 skeletal warriors (D:15)
  A sea snake (Shoals:1)
  A deep troll (D:14)
  4 harpies (Shoals:1)
  4 deep elf pyromancers
  6 orc knights
  An oklob plant (Lair:1)
  4 manticores
  2 orc sorcerers (Orc:2)
  4 ugly things (D:14)
  2 fauns (Shoals:1)
  13 cyclopes
  9 elephants
  2 molten gargoyles (Lair:4)
  9 black mambas
  A torpor snail (Lair:5)
  A gargoyle (D:12)
  An orange demon (Lair:3)
  A kobold demonologist (D:12)
  Maggie (D:6)
  5 komodo dragons
  5 cane toads
  A freezing wraith (D:14)
  5 yaktaurs (D:15)
  A rime drake (Lair:2)
  5 trolls (Orc:2)
  2 hornets
  4 polar bears
  6 dream sheep (Shoals:1)
  3 blink frogs (Lair:3)
  15 slime creatures
  A jumping spider (shapeshifter) (D:10)
  3 water elementals
  16 yaks
  8 basilisks
  3 wraiths (D:11)
  4 wyverns
  9 vampire mosquitoes
  A steam dragon (Lair:4)
  Edmund (D:4)
  Duvessa (D:7)
  An acid dragon (D:10)
  18 water moccasins
  A meliai simulacrum (D:11)
  2 ice beasts (D:6)
  31 orc warriors
  3 black bears
  25 wolves
  10 ogres
  10 centaurs
  2 phantoms
  A necrophage (D:5)
  2 kobold brigands
  A gnoll sergeant (D:7)
  9 bullfrogs
  9 wights
  Dowan (D:7)
  A water moccasin skeleton (D:5)
  3 killer bees
  4 electric eels (D:14)
  12 howler monkeys
  4 lava snakes (Lair:4)
  A bullfrog zombie (D:5)
  4 hounds
  A jelly (D:5)
  Crazy Yiuf (D:5)
  7 orc priests
  3 gnoll boudas
  Jessica (D:3)
  4 iguanas
  18 orc wizards
  A howler monkey zombie (D:5)
  36 gnolls
  7 adders
  A shadow imp (D:5)
  A white imp (D:6)
  2 ufetubi (D:6)
  An adder zombie (D:5)
  4 worms
  3 dart slugs
  69 orcs
  9 ball pythons
  8 endoplasms
  10 giant cockroaches
  14 goblins
  5 hobgoblins
  9 jackals
  A quokka (D:4)
  2 bats
  2 frilled lizards
  13 kobolds
  5 rats
  A spectral goblin (D:14)
634 creatures vanquished.

Vanquished Creatures (collateral kills)
  Roxanne (D:15)
  2 catoblepae (Lair:5)
  A boulder beetle (D:12)
  A tengu warrior (D:15)
  5 death yaks (Lair:5)
  A sea snake (Shoals:1)
  A wizard (D:14)
  2 ugly things (D:14)
  2 fauns (Shoals:1)
  3 cyclopes
  4 elephants (Lair:3)
  A black mamba (Lair:1)
  2 unseen horrors
  3 cane toads
  3 komodo dragons
  A tengu conjurer (D:14)
  A merfolk (Shoals:1)
  A troll (Orc:2)
  3 slime creatures
  A dream sheep (Shoals:1)
  3 basilisks
  A yak (shapeshifter) (D:14)
  A yak (Lair:3)
  A vampire mosquito (D:11)
  A steam dragon (D:9)
  3 water moccasins
  6 orc warriors
  A wolf (Lair:5)
  A kobold brigand (D:9)
  A gnoll sergeant (D:9)
  A killer bee (D:10)
  A howler monkey (D:9)
  A lava snake (Lair:4)
  An orc priest (Orc:2)
  3 orc wizards (Orc:2)
  19 orcs
  3 kobolds
  A butterfly (Lair:4)
88 creatures vanquished.

Vanquished Creatures (others)
  4 ancestors
  16 hexers
  An orc priest (D:9)
  An orc (D:9)
  2 bushes (Lair:5)
  62 fungi
  92 plants
  2 withered plants
180 creatures vanquished.

Grand Total: 902 creatures vanquished

Notes
Turn   | Place    | Note
-------+----------+-------------------------------------------
     0 | D:1      | porpoise the Troll Warper began the quest for the Orb.
     0 | D:1      | Reached XP level 1. HP: 19/19 MP: 1/1
   162 | D:1      | Found a faded altar of an unknown god.
   179 | D:1      | Reached XP level 2. HP: 28/28 MP: 2/2
   473 | D:1      | Reached skill level 3 in Unarmed Combat
   719 | D:2      | Reached XP level 3. HP: 35/35 MP: 3/3
   777 | D:2      | Found the amulet of Elemental Vulnerability {rPois rF--
                  | rC-- AC+8}
   801 | D:2      | You fall into a shaft and drop 1 floor!
  1288 | D:2      | Reached XP level 4. HP: 44/44 MP: 4/4
  1392 | D:2      | Found Aciv's Weapon Emporium.
  1724 | D:3      | Noticed Jessica
  1729 | D:3      | Killed Jessica
  1730 | D:3      | Reached skill level 4 in Unarmed Combat
  2187 | D:4      | Noticed Edmund
  2213 | D:4      | Reached XP level 5. HP: 35/50 MP: 5/5
  2230 | D:4      | Reached skill level 5 in Unarmed Combat
  2232 | D:4      | Killed Edmund
  2233 | D:4      | Reached XP level 6. HP: 42/61 MP: 6/6
  2501 | D:4      | Reached skill level 6 in Unarmed Combat
  2920 | D:4      | Found a bloodstained altar of Trog.
  3350 | D:5      | Entered Level 5 of the Dungeon
  3370 | D:4      | Reached XP level 7. HP: 28/68 MP: 7/7
  3584 | D:5      | Reached skill level 7 in Unarmed Combat
  3597 | D:5      | Found a white marble altar of Elyvilon.
  3803 | D:5      | Reached XP level 8. HP: 34/79 MP: 8/8
  3907 | D:5      | Reached skill level 8 in Unarmed Combat
  4238 | D:5      | Found a runed translucent door.
  4239 | D:5      | Noticed Crazy Yiuf
  4324 | D:5      | Killed Crazy Yiuf
  4429 | D:6      | Reached skill level 5 in Fighting
  4436 | D:6      | Found Nikoskif's Antique Armour Shoppe.
  4481 | D:6      | Found Obluin's Antique Weapon Boutique.
  4513 | D:6      | Reached skill level 9 in Unarmed Combat
  4857 | D:6      | Reached XP level 9. HP: 89/89 MP: 9/9
  4871 | D:6      | Reached skill level 10 in Unarmed Combat
  4886 | D:6      | Found Xidwet's Jewellery Boutique.
  4938 | D:6      | Found Nethuih's Book Emporium.
  5095 | D:6      | Found an iron altar of Okawaru.
  5144 | D:6      | Noticed Maggie
  5153 | D:6      | Killed Maggie
  5216 | D:6      | Found Muefesk's Antique Armour Shop.
  5241 | D:6      | Bought an embroidered scarf for 192 gold pieces
  5416 | D:7      | Found a staircase to the Ecumenical Temple.
  5425 | Temple   | Entered the Ecumenical Temple
  5623 | Temple   | Became a worshipper of Hepliaklqana the Forgotten
  5659 | D:7      | Paralysed by a hornet for 3 turns
  5663 | D:7      | Reached skill level 11 in Unarmed Combat
  5698 | D:7      | Identified the +7 dagger "Wuoz" {drain, Contam Int+7 Dex+2
                  | Stlth+}
  5725 | D:7      | Noticed Duvessa
  5726 | D:7      | Noticed Dowan
  5731 | D:7      | Noticed a two-headed ogre
  5734 | D:7      | Killed Duvessa
  5745 | D:7      | Killed a two-headed ogre
  5749 | D:7      | Reached skill level 12 in Unarmed Combat
  5753 | D:7      | Killed Dowan
  5754 | D:7      | Reached XP level 10. HP: 100/102 MP: 10/10
  5933 | D:7      | Reached skill level 1 in Throwing
  6385 | D:8      | Reached * piety under Hepliaklqana
  6413 | D:8      | Found a flagged portal.
  6423 | Bailey   | Entered a bailey
  6853 | D:8      | Reached skill level 13 in Unarmed Combat
  6853 | D:8      | Reached XP level 11. HP: 98/98 MP: 11/11
  6854 | D:8      | Reached skill level 5 in Dodging
  6854 | D:8      | Reached XP level 12. HP: 106/106 MP: 11/14
  6959 | D:8      | Identified the +3 leather armour "Noneuduw" {-Tele Will+++}
  7426 | D:9      | Noticed Erolcha
  7431 | D:9      | Killed Erolcha
  7432 | D:9      | Reached skill level 5 in Invocations
  7692 | D:9      | Found a runed translucent door.
  7692 | D:9      | Noticed osoart's ghost (novice OpTm)
  7708 | D:9      | Killed osoart's ghost
  7768 | D:9      | Reached ** piety under Hepliaklqana
  8214 | D:10     | Entered Level 10 of the Dungeon
  8230 | D:10     | Found a snail-covered altar of Cheibriados.
  8232 | D:10     | Noticed a two-headed ogre
  8242 | D:10     | Killed a two-headed ogre
  8380 | D:10     | Found a runed translucent door.
  8381 | D:10     | Noticed a yaktaur captain
  8393 | D:10     | Killed a yaktaur captain
  8396 | D:10     | Noticed a death knight
  8404 | D:10     | Killed a death knight
  8580 | D:10     | Noticed a stone giant
  8580 | D:10     | Noticed an ogre mage
  8590 | D:10     | Killed a stone giant
  8596 | D:10     | Killed an ogre mage
  8818 | D:10     | Found a blossoming altar of Fedhas.
  9027 | D:10     | Found a staircase to the Orcish Mines.
  9068 | D:10     | Reached *** piety under Hepliaklqana
  9317 | D:10     | Found a staircase to the Lair.
  9593 | Lair:1   | Entered Level 1 of the Lair of Beasts
  9603 | Lair:1   | Reached skill level 14 in Unarmed Combat
  9933 | Lair:1   | Identified the +1 chain mail of Focus {rCorr}
 10456 | Lair:2   | Reached skill level 5 in Armour
 10576 | Lair:2   | Reached XP level 13. HP: 115/115 MP: 15/15
 10631 | Lair:2   | Found a hole to the Spider Nest.
 10814 | Lair:2   | Reached **** piety under Hepliaklqana
 11524 | Lair:3   | HP: 3/117 [death yak (13)]
 11988 | Lair:3   | Found a staircase to the Shoals.
 12063 | Lair:3   | Noticed Amaemon
 12084 | Lair:3   | Reached skill level 5 in Evocations
 12091 | Lair:3   | Killed Amaemon
 12847 | Lair:4   | Reached skill level 10 in Fighting
 12882 | Lair:4   | Remembered your ancestor Nikki as a hexer
 12993 | Lair:4   | Identified the +2 cloak "Ogeacy" {Dex+4}
 13164 | Lair:4   | Reached ***** piety under Hepliaklqana
 14141 | D:11     | Reached XP level 14. HP: 108/128 MP: 16/16
 14221 | D:11     | Noticed Fannar
 14235 | D:11     | Killed Fannar
 15104 | D:12     | Found a portal to a secret trove of treasure.
 15214 | D:12     | Found Vistaset's Book Shop.
 15552 | D:13     | Noticed Jorgrun
 15566 | D:13     | HP: 5/129 [Jorgrun/+0 vorpal quarterstaff (10)]
 15566 | D:13     | HP: 2/129 [Jorgrun/+0 vorpal quarterstaff (3)]
 15567 | D:13     | Killed Jorgrun
 17454 | D:14     | Noticed Rupert
 17461 | D:14     | Killed Rupert
 17788 | D:14     | Found a gate to the Vaults.
 17996 | D:14     | Found a hazy altar of Hepliaklqana.
 18030 | D:15     | Entered Level 15 of the Dungeon
 18321 | D:10     | Reached XP level 15. HP: 117/140 MP: 19/19
 18413 | D:15     | Noticed Roxanne
 18436 | D:15     | Killed Roxanne
 18566 | D:15     | Found a staircase to the Depths.
 18815 | D:15     | Found a glowing golden altar of the Shining One.
 19282 | D:15     | Reached ****** piety under Hepliaklqana
 20012 | Lair:5   | Entered Level 5 of the Lair of Beasts
 20355 | Lair:5   | HP: 1/140 [death yak[a torpor snail] (22)]
 20589 | Lair:5   | Reached skill level 10 in Dodging
 20807 | Lair:5   | Found a viscous altar of Jiyva.
 20820 | Lair:5   | Found a staircase to the Slime Pits.
 20898 | Lair:5   | Reached skill level 15 in Unarmed Combat
 20958 | Lair:5   | Identified the amulet of Niucvar {RegenMP Str+3}
 21895 | Orc:1    | Entered Level 1 of the Orcish Mines
 21904 | Orc:1    | Reached XP level 16. HP: 126/148 MP: 21/21
 22112 | Orc:2    | Entered Level 2 of the Orcish Mines
 22112 | Orc:2    | Found Wul Vef's Antique Weapon Emporium.
 22253 | Orc:2    | Found Didi's General Store.
 22341 | Orc:2    | Identified the +1 scale mail of the Devil's Advocate {rC++}
 22404 | Orc:2    | Found a staircase to the Elven Halls.
 22547 | Orc:2    | Found Suadovi's Book Boutique.
 23112 | Orc:2    | Identified the +6 arbalest "Cidukoo" {freeze, Contam Str+5
                  | Dex+4}
 23875 | Orc:1    | Found a radiant altar of Vehumet.
 24090 | Orc:2    | Found Osmathun's Antique Armour Shop.
 24104 | Orc:2    | Reached skill level 10 in Invocations
 24208 | Orc:2    | Found Xefow's Antique Weapon Shoppe.
 25152 | D:6      | Bought a pitted lajatang for 500 gold pieces
 25152 | D:6      | Identified the +8 lajatang "Beastbane" {vamp, +Blink rElec}
                  | (You bought it in a shop on level 6 of the Dungeon)
 25185 | D:6      | Bought the ring of Gujul Qukh {MP+9 Int+2 SInv} for 389
                  | gold pieces
 25188 | D:6      | Learned a level 2 spell: Blink
 25193 | D:6      | Learned a level 4 spell: Manifold Assault
 25563 | Shoals:1 | Entered Level 1 of the Shoals
 25667 | Shoals:1 | Reached skill level 16 in Unarmed Combat
 25716 | Shoals:1 | Slain by a snapping turtle

Illustrated notes

Levels and vault maps discovered:
D:1:      elethiomel_arrival_maze, layout_rooms,
          hellmonk_ecumenical_altar_lost_god, st_stairs_4,
          kennysheep_crisscross, solitary_fountain, minmay_tromino_v4_b
D:2:      layout_loops_cross, serial_shops, shop, minmay_strange_pillars
D:3:      layout_basic, uniq_jessica
D:4:      layout_layer_cave, mainiacjoe_overflow_surrounded_room,
          minmay_misc_feat_encased, serial_bayou_pond_e, minmay_manual_mess,
          uniq_edmund
D:5:      layout_cave_pools, elyvilon_altar_5, serial_undead, serial_undead_e,
          serial_undead_a, serial_undead_b, serial_undead_c,
          uniq_crazy_yiuf_cottage
D:6:      layout_basic, marbit_many_paths, serial_shops, shop_coins, shop,
          nicolae_lakefront_shop, shop, nicolae_shop_statue_plus, uniq_maggie
D:7:      layout_gridville, minmay_temple_entry_grid, uniq_duvessa
D:8:      layout_basic, enter_bailey_3
D:9:      layout_cave_pods, gammafunk_ghost_grave, uniq_erolcha
D:10:     layout_basic, mainiacjoe_overflow_tiny_flanked, slow_altar_1,
          david_lair_shrubbed, orc_0_dummy, minivault_13
D:11:     layout_roguey, small_chamber_with_monster, uniq_fannar
D:12:     layout_rooms, serial_shops, shop, enter_trove_0
D:13:     layout_roguey, uniq_jorgrun
D:14:     layout_roguey, david_vaults_4, serial_bayou, serial_bayou_pond_e,
          serial_bayou_lagoon_a, serial_bayou_shore_a, serial_bayou_pond_d,
          dk_noncrumbling_3, nicolae_wwwww,
          nicolae_hepliaklqana_monster_ancestors, uniq_rupert
D:15:     grunt_enter_depths_snipers, layout_irregular_city,
          nicolae_tso_carved_into_rock, uniq_roxanne, uniq_nessos
Temple:   nicolae_temple_bog_church
Lair:1:   layout_hall_layers, dpeg_stationary_puzzle, serial_bayou_shore_b,
          infiniplex_staircase_pool, lemuel_fruit_tree
Lair:2:   layout_regular_city, nicolae_spider_entry_non_spiders
Lair:3:   layout_chaotic_city, elwin_shoals_entry_rocks,
          chequers_serial_rivers_small_3, nicolae_quartered_pool_super,
          uniq_amaemon
Lair:4:   cheibrodos_magma_flow, layout_cave_pods, grunt_megastairs_3,
          lemuel_fruit_fields
Lair:5:   grunt_lair_end_beastmaster, layout_small_grid, slime_entry_1
Shoals:1: layout_shoals, uniq_aizul, uniq_mlioglotl
Orc:1:    layout_diamond_mine, basic_altar
Orc:2:    grunt_orc_gardens, layout_diamond_mine, grunt_orc_garden,
          grunt_orc_garden, grunt_orc_garden, grunt_orc_garden, serial_shops,
          nicolae_shop_overgrown_old_shop, minmay_orc_treasury

Skill      XL: |  1  2  3  4  5  6  7  8  9 10 11 12 13 14 15 16 |
---------------+-------------------------------------------------+-----
Fighting       | 2 3 4 5 7 8 10 11 12 | 12.0
Unarmed Combat | 3 4 5 6 7 9 12 13 14 15 16 | 16.0
Dodging        | 2 4 5 7 9 10 11 | 11.3
Throwing       | 4 6 9 |  9.0
Armour         | 3 5 6 7 |  7.0
Invocations    | 4 5 7 9 10 | 10.4
Evocations     | 2 3 5 |  5.0
Spellcasting   | |  1.2
Translocations | |  2.1

Action                   |  1- 3 |  4- 6 |  7- 9 | 10-12 | 13-15 | 16-18 || total
-------------------------+-------+-------+-------+-------+-------+-------++-------
Melee: Unarmed           |   113 |   106 |   215 |   211 |   990 |   272 ||  1907
       Punch             |       |       |    12 |    24 |   108 |    30 ||   174
       Giant spiked club |       |       |       |    21 |    13 |       ||    34
 Fire: Arbalest          |       |       |    22 |     5 |    19 |    14 ||    60
Throw: Dart              |       |       |    14 |     5 |     2 |     9 ||    30
       Large rock        |       |       |     5 |       |    32 |    42 ||    79
Invok: Ancestor Identity |       |       |       |     2 |       |       ||     2
       Ancestor Life: He |       |       |       |       |     1 |       ||     1
       Recall Ancestor   |       |       |       |       |     2 |       ||     2
       Idealise          |       |       |       |       |       |     1 ||     1
Evoke: Wand              |       |       |     2 |     1 |     5 |     1 ||     9
       Box of beasts     |       |       |       |       |     2 |       ||     2
       Phial of floods   |       |       |       |       |     2 |       ||     2
  Use: Scroll            |       |     6 |     4 |    17 |     6 |     4 ||    37
       Potion            |       |     3 |       |     2 |     6 |     3 ||    14
 Stab: Distracted        |       |       |       |     2 |     6 |     2 ||    10
       Confused          |       |       |       |       |    10 |     1 ||    11
       Invisible         |       |       |       |       |     1 |     4 ||     5
       Paralysed         |       |       |       |       |    19 |    18 ||    37
       Petrified         |       |       |       |       |     5 |       ||     5
Armor: Robe              |    43 |    87 |    73 |       |       |       ||   203
       Steam dragon scal |       |       |     3 |    48 |       |       ||    51
       Acid dragon scale |       |       |       |     9 |   239 |    49 ||   297
       Ice dragon scales |       |       |       |       |       |    15 ||    15
Dodge: Dodged            |    36 |    92 |   140 |   160 |   673 |   220 ||  1321
       Repelled          |       |       |       |       |     4 |       ||     4
Block: Other             |       |       |       |    11 |   212 |    82 ||   305
       Reflection        |       |       |       |       |    10 |     4 ||    14

Table legend: (Time is in decaauts)
 A = Elapsed time spent in this place.
 B = Non-inter-level travel time spent in this place.
 C = Inter-level travel time spent in this place.
 D = Time resting spent in this place.
 E = Time spent auto-exploring this place.
 F = Levels seen in this place.
 G = Mean time per level.
                   A        B        C        D        E       F      G
               +--------+--------+--------+--------+--------+-----+--------+
         Total |  25468 |  23223 |   2245 |   5092 |  12246 |  25 | 1018.7 |
       Dungeon |  15462 |  13980 |   1482 |   3186 |   8101 |  15 | 1030.8 |
        Temple |    222 |    190 |     32 |      0 |    172 |   1 |  222.0 |
          Lair |   6467 |   5919 |    548 |    759 |   3256 |   5 | 1293.4 |
        Shoals |    148 |    148 |      0 |     26 |     42 |   1 |  148.0 |
  Orcish Mines |   2759 |   2578 |    181 |   1001 |    610 |   2 | 1379.5 |
        Bailey |    408 |    408 |      0 |    120 |     65 |   1 |  408.0 |
               +--------+--------+--------+--------+--------+-----+--------+

Top non-repeatable levels by time:
    D:10: 2227 daAuts
   Orc:2: 1988 daAuts
    D:13: 1553 daAuts
  Lair:5: 1543 daAuts
     D:4: 1539 daAuts
  Lair:4: 1432 daAuts
  Lair:1: 1384 daAuts
    D:15: 1329 daAuts
    D:14: 1258 daAuts
  Lair:3: 1173 daAuts
     D:6: 1094 daAuts
  Lair:2: 933 daAuts
    D:12: 826 daAuts
     D:9: 809 daAuts
     D:5: 779 daAuts
